 Dungeon Crawl Stone Soup version 0.28.0-53-g5a82cb258f (webtiles) character file.

Game seed: 4603777254318980173

88 astralcataclysm the Magician (level 4, -2/34 HPs)
             Began as a Palentonga Hedge Wizard on Aug 6, 2022.
             Was a Follower of Uskayaw.
             Succumbed to Crazy Yiuf's poison
             ... on level 2 of the Dungeon.
             The game lasted 00:15:22 (4664 turns).

astralcataclysm the Magician (PaWz)                 Turns: 4664, Time: 00:15:22

Health: -2/34      AC:  4    Str: 14    XL:     4   Next: 29%
Magic:  2/9        EV: 10    Int: 16    God:    Uskayaw [*.....]
Gold:   85         SH:  0    Dex:  9    Spells: 2/10 levels left

rFire   + + .      SeeInvis +   d - +0 short sword
rCold   . . .      Faith    .   (no shield)
rNeg    . . .      Spirit   .   b - +0 robe
rPois   .          Reflect  .   c - +0 hat
rElec   .          Harm     .   o - scarf {rC+ rF+}
rCorr   .          Rampage  .   (no gloves)
Will    .....                   (no barding)
Stlth   +.........              (no amulet)
HPRegen 0.11/turn               f - ring of fire
MPRegen 0.11/turn               g - ring of wizardry

@: lethally poisoned (-2 -> -13)
A: large, rugged brown scales 3, see invisible, deformed body, roll 1, armoured
tail
a: Rolling Charge, Renounce Religion, Stomp


You were on level 2 of the Dungeon.
You worshipped Uskayaw.
Uskayaw was noncommittal.
You visited 1 branch of the dungeon, and saw 3 of its levels.

You collected 115 gold pieces.
You spent 30 gold pieces at shops.

Inventory:

Hand Weapons
 a - a +0 dagger
 d - a +0 short sword (weapon)
 t - the +5 mace of Weofa {freeze, rC+ Str+5}
   (You found it on level 2 of the Dungeon)

   It freezes those it strikes, dealing additional cold damage.
   It can also slow down cold-blooded creatures.
   Str:       It affects your strength (+5).
   rC:        It protects you from cold.
Missiles
 m - 6 boomerangs
Armour
 b - a +0 robe (worn)
 c - a +0 hat (worn)
 i - a +0 kite shield
 o - a scarf of resistance (worn)
Jewellery
 e - a ring of protection from cold
 f - a ring of fire (left hand)
 g - a ring of wizardry (right hand)
Scrolls
 h - a scroll of fog
 l - a scroll of fear {unknown}
 n - a scroll of immolation {unknown}
 p - a scroll of enchant armour {unknown}
 q - a scroll of holy word {unknown}
 r - a scroll of identify
Potions
 j - a potion of magic
 k - a potion of invisibility


   Skills:
 * Level 1.3 Fighting
 - Level 0.6 Short Blades
 + Level 2.0 Dodging
 - Level 1.3 Stealth
 + Level 3.8 Spellcasting
 + Level 1.4 Conjurations
 + Level 1.1 Summonings
 - Level 1.0 Translocations


You had 2 spell levels left.
You knew the following spells:

 Your Spells              Type           Power      Damage    Failure   Level
a - Magic Dart            Conj           28%        1d4       4%          1
b - Blink                 Tloc           12%        N/A       7%          2
c - Call Imp              Summ           6%         N/A       7%          2
d - Searing Ray           Conj           14%        2d5       6%          2
e - Slow                  Hex            12%        N/A       7%          1

Your spell library contained the following spells:

 Spells                   Type           Power      Damage    Failure   Level
 Conjure Flame            Conj/Fire      8%         6-21      16%         3
 Mephitic Cloud           Conj/Pois/Air  4%         N/A       16%         3
 Fulminant Prism          Conj/Hex       2%         3d6       43%         4


Dungeon Overview and Level Annotations

Branches:
Dungeon (3/15)

Altars:
Uskayaw

Shops:
D:2 ?   D:3 (

Annotations:
D:2 Crazy Yiuf


Innate Abilities, Weirdness & Mutations

You are completely covered in rugged brown scales. (AC +3, +7% HP)
You have supernaturally acute eyesight. (SInv)
Armour fits poorly on your strangely shaped body.
You can roll at nearby foes to attack.
You have a long armoured tail.


Message History

Crazy Yiuf burns you.
The searing ray misses Crazy Yiuf.
The searing ray hits the fungus.
The fungus is lightly damaged.
Crazy Yiuf hits you with a +4 quarterstaff of chaos!
You resist with some effort.
Your crimson imp hits Crazy Yiuf.
The searing ray hits Crazy Yiuf.
Crazy Yiuf is heavily wounded.
The searing ray hits the fungus!
The fungus is lightly damaged.
You finish channelling your searing ray.
A nearby fungus withers and dies.
Crazy Yiuf hits you with a +4 quarterstaff of chaos!
* * * LOW HITPOINT WARNING * * *
Your crimson imp closely misses Crazy Yiuf.
Your crimson imp hits Crazy Yiuf but does no damage.
Casting: Searing Ray (safe; 6% risk of failure)
Confirm with . or Enter, or press ? or * to list all spells.
You blink.
Your crimson imp blinks!
Crazy Yiuf grits, "Prologue unthinkable stair!"
You feel stable enough to blink again.
Crazy Yiuf glowers.
There is an open translucent door here.
Crazy Yiuf cries, "Snurf!
Papa poople mobile."
You see here the +5 mace of Weofa {freeze, rC+ Str+5}.
t - the +5 mace of Weofa {freeze, rC+ Str+5} Crazy Yiuf completely misses you.
As you read the scroll of teleportation, it crumbles to dust.
You feel strangely unstable.
Crazy Yiuf hits you with a +4 quarterstaff of chaos.
* * * LOW HITPOINT WARNING * * *
You are lethally poisoned!
* * * LOW HITPOINT WARNING * * *
You feel very sick. Crazy Yiuf misses you.
Okay, then.
You hit Crazy Yiuf but do no damage.
Crazy Yiuf is heavily wounded.
Your surroundings suddenly seem different.
You die...

##'## #.# ##...##
#)# ##.....##
####.# #.......##
##.##.#
.........####...#.#
.........'.....>..#
.........##.....#.#
#.......###.##..#.#
##.....## #.##..@.#
##...## #.##..###
##'## #.##..# #.#
#.....# #.# ####.##
##.## #.# ###...##
#.# .#.....# #.#
...#..########.#


There were no monsters in sight!

Vanquished Creatures
  A howler monkey skeleton (D:3)
  2 adders
  A dart slug (D:1)
  4 ball pythons
  2 endoplasms (D:3)
  4 giant cockroaches
  2 goblins
  3 hobgoblins
  2 jackals (D:1)
  A quokka (D:1)
  9 bats
  5 frilled lizards (D:1)
  2 kobolds
  A rat (D:3)
39 creatures vanquished.

Vanquished Creatures (collateral kills)
  An adder (D:3)
  3 worms
4 creatures vanquished.

Vanquished Creatures (others)
  2 fungi (D:2)
2 creatures vanquished.

Grand Total: 45 creatures vanquished

Notes
Turn   | Place    | Note
-------+----------+-------------------------------------------
     0 | D:1      | astralcataclysm the Palentonga Hedge Wizard began the quest
                  | for the Orb.
     0 | D:1      | Reached XP level 1. HP: 13/13 MP: 4/4
   323 | D:1      | Reached XP level 2. HP: 10/20 MP: 3/6
   502 | D:1      | You fall into a shaft and drop 1 floor!
   836 | D:2      | Found Tuetelio's Magic Scroll Shop.
   921 | D:2      | Found a faded altar of an unknown god.
  1112 | D:2      | Prayed at the altar of an unknown god.
  1112 | D:2      | Became a worshipper of Uskayaw the Reveller
  1112 | D:2      | Reached * piety under Uskayaw
  1283 | D:2      | Found a runed translucent door.
  1284 | D:2      | Noticed Crazy Yiuf
  1777 | D:1      | Reached ** piety under Uskayaw
  1783 | D:1      | Learned a level 2 spell: Blink
  1786 | D:1      | Learned a level 2 spell: Call Imp
  1789 | D:1      | Learned a level 2 spell: Searing Ray
  1791 | D:1      | Learned a level 1 spell: Slow
  1973 | D:1      | Reached skill level 1 in Conjurations
  1973 | D:1      | Reached XP level 3. HP: 19/25 MP: 5/8
  3075 | D:2      | Identified the +5 mace of Weofa {freeze, rC+ Str+5}
  3076 | D:2      | HP: 1/25 [poisoned by Crazy Yiuf]
  3677 | D:3      | Found Domyli's Antique Weapon Shop.
  3729 | D:3      | Reached skill level 1 in Summonings
  3812 | D:3      | Reached skill level 1 in Fighting
  3812 | D:3      | Reached XP level 4. HP: 13/34 MP: 3/9
  4570 | D:2      | Bought a scroll of teleportation for 30 gold pieces
  4663 | D:2      | HP: 1/34 [poisoned by Crazy Yiuf]
  4664 | D:2      | Succumbed to Crazy Yiuf's poison

Illustrated notes

Levels and vault maps discovered:
D:1:      mushboom_english_gardens, layout_loops_corners
D:2:      layout_loops_corners, serial_shops, shop, basic_ecumenical_altar,
          uniq_crazy_yiuf_cottage
D:3:      layout_rooms, serial_shops, shop, amcnicky_mini_rare_corridor_liquid

Skill      XL: |  1  2  3 |
---------------+----------+-----
Conjurations   | 1 |  1.4
Dodging        | 2 |  2.0
Summonings     | 1 |  1.1
Fighting       | 1 |  1.3
Short Blades   | |  0.6
Stealth        | |  1.3
Spellcasting   | |  3.8
Translocations | |  1.0

Action                   |  1- 3 |  4- 6 || total
-------------------------+-------+-------++-------
Melee: Short sword       |   117 |    18 ||   135
       Dagger            |    14 |       ||    14
       Tailslap          |    15 |     2 ||    17
       Punch             |     2 |     1 ||     3
 Cast: Magic Dart        |    38 |     6 ||    44
       Call Imp          |     7 |     2 ||     9
       Blink             |     3 |     1 ||     4
       Searing Ray       |     1 |     1 ||     2
Invok: Stomp             |     1 |       ||     1
 Abil: Rolling Charge    |     1 |       ||     1
  Use: Potion            |     2 |       ||     2
       Scroll            |     1 |     3 ||     4
 Stab: Sleeping          |     1 |     1 ||     2
Armor: Robe              |    67 |     4 ||    71
Dodge: Dodged            |    64 |     6 ||    70
